[Event "Lueneburg Open-A 2019"]
[Site "Lueneburg"]
[Date "2019.08.10"]
[Round "8.27"]
[White "Bargsten, Justus"]
[Black "Koenig, Christian"]
[Result "0-1"]
[ECO "A30"]
[WhiteElo "1946"]
[BlackElo "2026"]
[Annotator "NA"]
[PlyCount "64"]
[EventDate "2019.08.03"]
[EventType "swiss"]
[EventCountry "GER"]
[SourceTitle "playchess.com"]
[Source "ChessBase"]
[SourceQuality "1"]
[TimeControl "40/5400+30:1800+30"]

1. Nf3 Nf6 2. b3 g6 3. Bb2 Bg7 4. c4 c5 5. g3 b6 6. Bg2 Bb7 7. Nc3 d6 8. O-O O-O 9. d4 cxd4 10. Nxd4 Bxg2 11. Kxg2 Qc8 12. e4 Qb7 13. f3 Nbd7 14. Qd2 Rac8 15. Rac1 a6 16. Nd5 Rfe8 17. a4 Nc5 18. Qe3 Nfd7 19. Ba1 e6 20. Nb4 d5 21. cxd5 exd5 22. Nxd5 Qxd5 23. exd5 Rxe3 24. b4 Rd3 25. Nc6 Rd2+ 26. Kh3 Re8 27. Rfe1 Rxe1 28. Rxe1 Bxa1 29. bxc5 Bf6 30. Ne7+ Bxe7 31. c6 Kf8 32. Rc1 Bd8 0-1

[Event "Lueneburg Open-A 2019"]
[Site "Lueneburg"]
[Date "2019.08.10"]
[Round "8.28"]
[White "Colbow, Collin"]
[Black "Berres, Eric"]
[Result "1-0"]
[ECO "C06"]
[WhiteElo "2167"]
[BlackElo "1890"]
[Annotator "NA"]
[PlyCount "85"]
[EventDate "2019.08.03"]
[EventType "swiss"]
[EventCountry "GER"]
[SourceTitle "playchess.com"]
[Source "ChessBase"]
[SourceQuality "1"]
[TimeControl "40/5400+30:1800+30"]

1. e4 e6 2. d4 d5 3. Nd2 Nf6 4. e5 Nfd7 5. Bd3 c5 6. c3 Nc6 7. Ne2 Qb6 8. Nf3 cxd4 9. cxd4 f6 10. O-O fxe5 11. dxe5 Ndxe5 12. Nxe5 Nxe5 13. Be3 Bc5 14. Nf4 g6 15. Nxd5 exd5 16. Bb5+ Bd7 17. Qxd5 Qd6 18. Qxc5 Qxc5 19. Bxc5 Bxb5 20. Rfe1 Kf7 21. Rxe5 Rhe8 22. Rxe8 Bxe8 23. Re1 b6 24. Re7+ Kf6 25. Ba3 Bf7 26. h4 h5 27. b3 Re8 28. Rxa7 Re1+ 29. Kh2 Re2 30. Kg3 Re4 31. Bb2+ Ke6 32. Rb7 Re2 33. Rxb6+ Kd7 34. Bd4 Rxa2 35. Kf4 Rd2 36. Ke5 Re2+ 37. Be3 Ra2 38. Rb7+ Ke8 39. b4 Ra6 40. Bb6 Ra2 41. Kf6 Bd5 42. Re7+ Kf8 43. Rd7 1-0

[Event "Lueneburg Open-A 2019"]
[Site "Lueneburg"]
[Date "2019.08.10"]
[Round "8.29"]
[White "Lau, Felix"]
[Black "Moysich, Dirk"]
[Result "1-0"]
[ECO "B07"]
[WhiteElo "2044"]
[BlackElo "1871"]
[Annotator "NA"]
[PlyCount "59"]
[EventDate "2019.08.03"]
[EventType "swiss"]
[EventCountry "GER"]
[SourceTitle "playchess.com"]
[Source "ChessBase"]
[SourceQuality "1"]
[TimeControl "40/5400+30:1800+30"]

1. e4 d6 2. d4 Nf6 3. Nc3 e5 4. dxe5 dxe5 5. Qxd8+ Kxd8 6. Nf3 Bd6 7. Bc4 Ke7 8. Bg5 c6 9. O-O-O Be6 10. Rxd6 Kxd6 11. Rd1+ Ke7 12. Nxe5 h6 13. Bh4 g5 14. Bg3 Nh5 15. Nd5+ cxd5 16. exd5 Rd8 17. Re1 Nxg3 18. dxe6 f5 19. Ng6+ Kf6 20. e7 Re8 21. Re6+ Kg7 22. Nf8 Rxf8 23. e8=Q Rxe8 24. Rxe8 Ne4 25. Bd5 Nd6 26. Rg8+ Kf6 27. c4 a5 28. c5 Ra6 29. Rxb8 Ne4 30. Bxb7 1-0

[Event "Lueneburg Open-A 2019"]
[Site "Lueneburg"]
[Date "2019.08.10"]
[Round "8.30"]
[White "Melzer, Marcel"]
[Black "Porth, Hartmut"]
[Result "1/2-1/2"]
[ECO "B00"]
[WhiteElo "1843"]
[BlackElo "2032"]
[Annotator "NA"]
[PlyCount "101"]
[EventDate "2019.08.03"]
[EventType "swiss"]
[EventCountry "GER"]
[SourceTitle "playchess.com"]
[Source "ChessBase"]
[SourceQuality "1"]
[TimeControl "40/5400+30:1800+30"]

1. e4 Nc6 2. d4 d5 3. e5 Bf5 4. c3 e6 5. f4 Nge7 6. Nf3 Bg6 7. Nh4 Nf5 8. Nxf5 Bxf5 9. Be3 Be7 10. Bd3 Qd7 11. Bxf5 exf5 12. Nd2 Nd8 13. Qc2 g6 14. Nf3 Ne6 15. g3 b5 16. O-O O-O 17. Rfd1 c6 18. b4 a5 19. a3 Ra6 20. Qb2 Rfa8 21. Ne1 R8a7 22. Nc2 Nc7 23. Rd3 Na8 24. Qc1 Nb6 25. Bd2 Nc4 26. Be1 Qc8 27. Kh1 Qa8 28. Kg1 Bf8 29. Bf2 h6 30. h4 Be7 31. Kh2 Qc8 32. Rf3 Ra8 33. Be1 Kg7 34. Rd3 Qe6 35. Ne3 Rh8 36. Bf2 Raa8 37. Qe1 Rag8 38. Nc2 Kf8 39. Qe2 Nd6 40. bxa5 Ne4 41. a4 bxa4 42. Rxa4 g5 43. a6 gxf4 44. a7 Kg7 45. gxf4 Kh7 46. h5 Ra8 47. Nb4 Qd7 48. Qa2 Rhg8 49. Ra6 Bxb4 50. cxb4 Qe8 51. Rh3 1/2-1/2

[Event "Lueneburg Open-A 2019"]
[Site "Lueneburg"]
[Date "2019.08.10"]
[Round "8.31"]
[White "Prasse, Philipp"]
[Black "Schulze, Lukas"]
[Result "1-0"]
[ECO "B07"]
[WhiteElo "2003"]
[BlackElo "1724"]
[Annotator "NA"]
[PlyCount "93"]
[EventDate "2019.08.03"]
[EventType "swiss"]
[EventCountry "GER"]
[SourceTitle "playchess.com"]
[Source "ChessBase"]
[SourceQuality "1"]
[TimeControl "40/5400+30:1800+30"]

1. e4 c5 2. c3 d6 3. d4 Nf6 4. Bd3 Nc6 5. Nf3 Bg4 6. Be3 Qb6 7. Na3 Bxf3 8. gxf3 g6 9. Nc4 Qc7 10. dxc5 d5 11. Nd2 Bg7 12. Qe2 O-O 13. f4 e6 14. e5 Nd7 15. Nf3 Ne7 16. b4 a6 17. Rc1 Rfd8 18. Nd4 Nc6 19. O-O Rf8 20. a4 Nd8 21. Rfe1 f6 22. exf6 Nxf6 23. Bd2 Nh5 24. Nxe6 Nxe6 25. Qxe6+ Qf7 26. f5 Qxe6 27. fxe6 Rae8 28. b5 axb5 29. Bxb5 Re7 30. Bd7 Nf6 31. Bg5 Ra8 32. Red1 Ra5 33. Bxf6 Bxf6 34. Rxd5 b6 35. c4 bxc5 36. Rb1 Bd4 37. Rd6 Ra8 38. Rdb6 Rf8 39. Rb8 Bxf2+ 40. Kg2 Bd4 41. a5 Be5 42. Rxf8+ Kxf8 43. a6 Rxd7 44. exd7 Ke7 45. a7 Bxh2 46. Kxh2 Kxd7 47. a8=Q 1-0

[Event "Lueneburg Open-A 2019"]
[Site "Lueneburg"]
[Date "2019.08.10"]
[Round "8.32"]
[White "Darpan, Inani"]
[Black "Kroencke, Manfred"]
[Result "1-0"]
[ECO "B40"]
[WhiteElo "1956"]
[BlackElo "2047"]
[Annotator "NA"]
[PlyCount "66"]
[EventDate "2019.08.03"]
[EventType "swiss"]
[EventCountry "GER"]
[SourceTitle "playchess.com"]
[Source "ChessBase"]
[SourceQuality "1"]
[TimeControl "40/5400+30:1800+30"]

1. e4 c5 2. Nf3 e6 3. b3 Nf6 4. e5 Nd5 5. Bb2 Nc6 6. g3 Be7 7. Bg2 O-O 8. O-O f5 9. c4 Nc7 10. d4 cxd4 11. Nxd4 Rb8 12. Qe2 Nxd4 13. Bxd4 b6 14. Nc3 Bb7 15. f4 Bxg2 16. Kxg2 Qc8 17. Rad1 Rf7 18. Rd3 Bb4 19. Nb5 Qb7+ 20. Qf3 Ne8 21. Qxb7 Rxb7 22. Bc3 Bf8 23. Rfd1 a6 24. Nd6 Bxd6 25. exd6 Rf8 26. b4 Nf6 27. Bxf6 gxf6 28. Rc1 Rc8 29. c5 bxc5 30. Rxc5 Rxc5 31. bxc5 Kf8 32. c6 Rb2+ 33. Kf3 Rb3 1-0

[Event "Lueneburg Open-A 2019"]
[Site "Lueneburg"]
[Date "2019.08.10"]
[Round "8.34"]
[White "Hesse, Juergen"]
[Black "Nielsen, Joerg"]
[Result "0-1"]
[ECO "B04"]
[WhiteElo "1877"]
[BlackElo "2000"]
[Annotator "NA"]
[PlyCount "64"]
[EventDate "2019.08.03"]
[EventType "swiss"]
[EventCountry "GER"]
[SourceTitle "playchess.com"]
[Source "ChessBase"]
[SourceQuality "1"]
[TimeControl "40/5400+30:1800+30"]

1. e4 Nf6 2. e5 Nd5 3. d4 d6 4. Nf3 dxe5 5. Nxe5 c6 6. Bd3 g6 7. O-O Bg7 8. c3 Nd7 9. Re1 O-O 10. Na3 Nxe5 11. dxe5 Be6 12. Qf3 Qc7 13. Qg3 Rad8 14. Nc2 c5 15. f4 Qc8 16. Bc4 a6 17. Ne3 Nxe3 18. Bxe6 Qxe6 19. Bxe3 Rd3 20. Qf2 b6 21. h3 a5 22. Qe2 Rd7 23. Qc2 Rfd8 24. b3 f6 25. exf6 Qxf6 26. Rac1 Rd5 27. Qe4 Kf8 28. Rf1 Qf5 29. Qf3 Rd3 30. Rcd1 Bxc3 31. Rxd3 Rxd3 32. Qf2 Rxe3 0-1

[Event "Lueneburg Open-A 2019"]
[Site "Lueneburg"]
[Date "2019.08.10"]
[Round "8.35"]
[White "Fabregas, Oliver"]
[Black "Wirries, Frank-Michael"]
[Result "1-0"]
[ECO "A49"]
[WhiteElo "1956"]
[BlackElo "1858"]
[Annotator "NA"]
[PlyCount "93"]
[EventDate "2019.08.03"]
[EventType "swiss"]
[EventCountry "GER"]
[SourceTitle "playchess.com"]
[Source "ChessBase"]
[SourceQuality "1"]
[TimeControl "40/5400+30:1800+30"]

1. Nf3 Nf6 2. g3 g6 3. Bg2 Bg7 4. O-O O-O 5. d4 d6 6. a4 a5 7. b3 Nbd7 8. Bb2 c6 9. Re1 Qc7 10. e4 e5 11. Nbd2 Re8 12. dxe5 Nxe5 13. Nd4 Be6 14. h3 Rad8 15. Qe2 Bc8 16. Rad1 h6 17. Kh1 Nh5 18. Nf1 Nd7 19. c4 Nc5 20. Qc2 Re7 21. Re3 Rde8 22. Rde1 Ne6 23. Nxe6 Rxe6 24. Bf3 Nf6 25. Kg2 Nd7 26. Bg4 R6e7 27. f4 Bxb2 28. Qxb2 h5 29. Bf3 Nc5 30. Qe2 Qd7 31. g4 f5 32. gxf5 gxf5 33. Bxh5 fxe4 34. Bxe8 Rg7+ 35. Kh2 Qxe8 36. Ng3 Qe6 37. f5 Qe5 38. Qf2 Rg5 39. f6 Rh5 40. Rh1 Bxh3 41. Kg1 Nd3 42. Rxd3 exd3 43. Nxh5 d2 44. Qxd2 Qxh5 45. Rxh3 Qxh3 46. Qg5+ Kf7 47. Qg7+ 1-0

[Event "Lueneburg Open-A 2019"]
[Site "Lueneburg"]
[Date "2019.08.10"]
[Round "8.36"]
[White "Nixdorf, Andre"]
[Black "Kasipour Azbari, Seyed Arvin"]
[Result "0-1"]
[ECO "E92"]
[WhiteElo "1936"]
[BlackElo "1765"]
[Annotator "NA"]
[PlyCount "112"]
[EventDate "2019.08.03"]
[EventType "swiss"]
[EventCountry "GER"]
[SourceTitle "playchess.com"]
[Source "ChessBase"]
[SourceQuality "1"]
[TimeControl "40/5400+30:1800+30"]

1. d4 Nf6 2. Nf3 g6 3. c4 Bg7 4. Nc3 d6 5. e4 O-O 6. Be2 e5 7. d5 a5 8. O-O Na6 9. Ne1 Nc5 10. f3 Nfd7 11. Be3 f5 12. Nd3 Nxd3 13. Bxd3 f4 14. Bf2 b6 15. a3 g5 16. b4 axb4 17. axb4 Rxa1 18. Qxa1 Nf6 19. c5 bxc5 20. bxc5 g4 21. Rb1 gxf3 22. gxf3 Nh5 23. Kf1 Qg5 24. Be2 Bh3+ 25. Ke1 Qg2 26. Nd1 Qxh2 27. Qa7 Ng3 28. Rb3 Qh1+ 29. Kd2 Nxe2 30. Kxe2 Bf1+ 31. Kd2 Bc4 32. Ra3 Qf1 33. Qxc7 Be2 34. Nc3 Bxf3 35. Bh4 Qg2+ 36. Kd3 Bxe4+ 37. Kc4 Bxd5+ 38. Nxd5 Qe4+ 39. Kb5 Qxd5 40. Qxd6 Qb7+ 41. Kc4 Qe4+ 42. Kb5 f3 43. Ra4 Qe2+ 44. Kb6 f2 45. Qd5+ Kh8 46. Bxf2 Qxf2 47. Ra8 Rxa8 48. Qxa8+ Qf8 49. Qd5 Qb8+ 50. Ka6 Qc8+ 51. Kb6 Bf6 52. Kb5 Qb8+ 53. Kc4 Qg8 54. Qxg8+ Kxg8 55. Kd5 Kf7 56. c6 Ke7 {[%emt 0:06:54] Kd4} 0-1

[Event "Lueneburg Open-A 2019"]
[Site "Lueneburg"]
[Date "2019.08.10"]
[Round "8.37"]
[White "Schwarz, Jochen"]
[Black "Weidenhoefer, Max"]
[Result "1/2-1/2"]
[ECO "A41"]
[WhiteElo "1909"]
[BlackElo "1805"]
[Annotator "NA"]
[PlyCount "37"]
[EventDate "2019.08.03"]
[EventType "swiss"]
[EventCountry "GER"]
[SourceTitle "playchess.com"]
[Source "ChessBase"]
[SourceQuality "1"]
[TimeControl "40/5400+30:1800+30"]

1. c4 c5 2. Nc3 g6 3. Nf3 Bg7 4. e3 d6 5. d4 Bg4 6. Be2 Nd7 7. O-O Ngf6 8. h3 Bxf3 9. Bxf3 Rb8 10. b3 O-O 11. Bb2 a6 12. a4 Ne8 13. Rb1 Nc7 14. dxc5 Nxc5 15. b4 N5e6 16. Qd3 Qd7 17. c5 Rfd8 18. Rfd1 Ne8 19. cxd6 1/2-1/2

[Event "Lueneburg Open-A 2019"]
[Site "Lueneburg"]
[Date "2019.08.11"]
[Round "9.3"]
[White "Carlstedt, Jonathan"]
[Black "Colpe, Malte"]
[Result "1/2-1/2"]
[ECO "D05"]
[WhiteElo "2408"]
[BlackElo "2367"]
[Annotator "NA"]
[PlyCount "67"]
[EventDate "2019.08.03"]
[EventType "swiss"]
[EventCountry "GER"]
[SourceTitle "playchess.com"]
[Source "ChessBase"]
[SourceQuality "1"]
[TimeControl "40/5400+30:1800+30"]

1. d4 d5 2. Nf3 Nf6 3. e3 e6 4. Bd3 c5 5. b3 Bd6 6. Nbd2 b6 7. Bb2 Ba6 8. c4 O-O 9. O-O Nc6 10. dxc5 Bxc5 11. Qb1 dxc4 12. Nxc4 Be7 13. a3 h6 14. Rd1 Qc7 15. Qa2 Rac8 16. Rac1 Qb8 17. Na5 Nxa5 18. Bxa6 Rxc1 19. Rxc1 b5 20. Bd4 Qd6 21. Bxb5 Qxa3 22. Qxa3 Bxa3 23. Ra1 Bb4 24. Be5 Nd5 25. Ba4 Rc8 26. Nd4 f6 27. Bd7 Rd8 28. Bxe6+ Kf8 29. Bg3 Bc3 30. Rxa5 Bxa5 31. Nc6 Nc3 32. Nxd8 Ne2+ 33. Kf1 Nxg3+ 34. hxg3 1/2-1/2

[Event "Lueneburg Open-A 2019"]
[Site "Lueneburg"]
[Date "2019.08.11"]
[Round "9.4"]
[White "Wachinger, David"]
[Black "Sebastian, Dirk"]
[Result "0-1"]
[ECO "A33"]
[WhiteElo "2045"]
[BlackElo "2453"]
[Annotator "ChessBase"]
[PlyCount "62"]
[EventDate "2019.08.03"]
[EventType "swiss"]
[EventCountry "GER"]
[SourceTitle "playchess.com"]
[Source "ChessBase"]
[SourceQuality "1"]
[TimeControl "40/5400+30:1800+30"]

1. d4 Nf6 2. c4 c5 3. Nf3 cxd4 4. Nxd4 Nc6 5. Nc3 e6 6. g3 Qb6 7. Ndb5 d5 8. Bg2 d4 9. Na4 Qa5+ 10. Bd2 Qd8 11. e3 d3 12. O-O Be7 13. b3 O-O 14. Nd4 Nxd4 15. exd4 Qxd4 16. Bc3 Qd6 17. Nb2 Rd8 18. Re1 Qb6 19. Re3 Bd7 20. Rxd3 Bc6 21. Qe2 Bxg2 22. Kxg2 Qc6+ 23. f3 h5 24. Rad1 h4 25. Rxd8+ Rxd8 26. Rxd8+ Bxd8 27. Nd3 Bb6 28. Qd2 h3+ 29. Kxh3 Qxf3 30. Bxf6 Qf1+ 31. Kg4 Qf5+ 0-1

[Event "Lueneburg Open-A 2019"]
[Site "Lueneburg"]
[Date "2019.08.11"]
[Round "9.5"]
[White "Kolbus, Dietmar"]
[Black "Sriram, Jha"]
[Result "0-1"]
[ECO "B51"]
[WhiteElo "2281"]
[BlackElo "2381"]
[Annotator "ChessBase"]
[PlyCount "138"]
[EventDate "2019.08.03"]
[EventType "swiss"]
[EventCountry "GER"]
[SourceTitle "playchess.com"]
[Source "ChessBase"]
[SourceQuality "1"]
[TimeControl "40/5400+30:1800+30"]

1. e4 c5 2. Nf3 d6 3. Bb5+ Nc6 4. O-O Bd7 5. Re1 Nf6 6. c3 a6 7. Bf1 Bg4 8. d3 e6 9. Nbd2 Be7 10. Qc2 O-O 11. g3 e5 12. h3 Be6 13. Bg2 h6 14. Nf1 Re8 15. Ne3 Bf8 16. c4 Nd4 17. Nxd4 cxd4 18. Nd5 Nxd5 19. exd5 Bf5 20. Bd2 Qd7 21. Kh2 g5 22. g4 Bg6 23. Rad1 f5 24. gxf5 Qxf5 25. Ba5 Bh5 26. Rb1 Be7 27. Rg1 Rf8 28. Rbf1 Qf4+ 29. Kh1 Qh4 30. f4 Bg4 31. Be1 Qh5 32. fxe5 Bxh3 33. Bg3 dxe5 34. Rxf8+ Rxf8 35. Bxh3 Qxh3+ 36. Qh2 Qxh2+ 37. Kxh2 Bd6 38. b4 b6 39. Re1 Re8 40. Kg2 Bxb4 41. Rxe5 Kf7 42. Rxe8 Kxe8 43. Be5 Bc5 44. a4 h5 45. Kf3 Ke7 46. Ke4 h4 47. Kf3 Bd6 48. Bxd4 h3 49. Kf2 Bc7 50. Kg1 g4 51. Be3 g3 52. d4 Kd7 53. c5 b5 54. axb5 axb5 55. d6 Bxd6 56. cxd6 b4 57. Bd2 b3 58. Bc1 Kxd6 59. Bb2 Kd5 60. Bc3 Ke4 61. Bb2 Kf3 62. d5 h2+ 63. Kh1 Kf2 64. Bd4+ Kf1 65. d6 b2 66. Bxb2 g2+ 67. Kxh2 g1=Q+ 68. Kh3 Qg2+ 69. Kh4 Qxb2 0-1

[Event "Lueneburg Open-A 2019"]
[Site "Lueneburg"]
[Date "2019.08.11"]
[Round "9.6"]
[White "Poeck, Ole"]
[Black "Jahncke, Giso"]
[Result "0-1"]
[ECO "C92"]
[WhiteElo "2259"]
[BlackElo "2325"]
[Annotator "ChessBase"]
[PlyCount "132"]
[EventDate "2019.08.03"]
[EventType "swiss"]
[EventCountry "GER"]
[SourceTitle "playchess.com"]
[Source "ChessBase"]
[SourceQuality "1"]
[TimeControl "40/5400+30:1800+30"]

1. e4 e5 2. Nf3 Nc6 3. Bb5 a6 4. Ba4 Nf6 5. O-O Be7 6. Re1 b5 7. Bb3 d6 8. c3 O-O 9. h3 Bb7 10. d3 Na5 11. Bc2 c5 12. Nbd2 Nc6 13. Nf1 Re8 14. Ng3 g6 15. Bh6 Bf8 16. Qd2 Qe7 17. Bg5 Bg7 18. a4 Qf8 19. Bb3 Na5 20. Bc2 Nc6 21. Bb3 Nd7 22. axb5 axb5 23. Be3 h6 24. d4 Na5 25. Ba2 c4 26. dxe5 Nxe5 27. Nxe5 dxe5 28. Qc2 Ra6 29. Rad1 Rc8 30. f3 h5 31. Rd7 Bc6 32. Ra7 Rxa7 33. Bxa7 Ra8 34. Be3 Bd7 35. Qf2 Be6 36. Nf1 Bf6 37. Rd1 Qe7 38. Bc5 Qc7 39. Bb6 Qb7 40. Bc5 Qc8 41. Bb6 Be7 42. Kh2 Nb7 43. Bb1 Qc6 44. Be3 Nc5 45. Bc2 Ra2 46. Bc1 Ra1 47. Qe2 Qa8 48. Qe1 Nd7 49. h4 Bf8 50. Bg5 Ra2 51. Bc1 Kh7 52. g3 Qa7 53. Kg2 Bh6 54. Bxh6 Kxh6 55. Qd2+ Kh7 56. Bb1 Ra1 57. Bc2 Qa2 58. Rxa1 Qxa1 59. Bd1 Nc5 60. Ne3 Nd3 61. b3 Qb1 62. bxc4 Bxc4 63. Kh2 Nb2 64. Bc2 Qa2 65. Bd3 Nxd3 66. Nxc4 Qxc4 0-1

[Event "Lueneburg Open-A 2019"]
[Site "Lueneburg"]
[Date "2019.08.11"]
[Round "9.7"]
[White "Hommer, Jeremy"]
[Black "Ertan, Can"]
[Result "0-1"]
[ECO "A49"]
[WhiteElo "2083"]
[BlackElo "2396"]
[Annotator "NA"]
[PlyCount "74"]
[EventDate "2019.08.03"]
[EventType "swiss"]
[EventCountry "GER"]
[SourceTitle "playchess.com"]
[Source "ChessBase"]
[SourceQuality "1"]
[TimeControl "40/5400+30:1800+30"]

1. d4 c5 2. Nf3 cxd4 3. Nxd4 Nc6 4. g3 g6 5. Bg2 Bg7 6. c3 Nf6 7. O-O O-O 8. e4 Qc7 9. Be3 d6 10. h3 a6 11. Nd2 e5 12. Nc2 Be6 13. f4 b5 14. Kh2 exf4 15. gxf4 Rad8 16. Qf3 d5 17. e5 Ne4 18. Nxe4 dxe4 19. Qf2 Qc8 20. Rfe1 f5 21. exf6 Rxf6 22. Bd4 Nxd4 23. Nxd4 Bf5 24. Bxe4 Bxh3 25. Nc6 Re8 26. Bd5+ Kh8 27. Rxe8+ Qxe8 28. Re1 Qd7 29. Qc5 Bh6 30. Qd4 Bxf4+ 31. Kh1 Bg5 32. Ne5 Qf5 33. Nf7+ Kg7 34. Nxg5 Qxg5 35. Qa7+ Kh6 36. Qe3 Rf4 37. Bb7 Bf1 0-1

[Event "Lueneburg Open-A 2019"]
[Site "Lueneburg"]
[Date "2019.08.11"]
[Round "9.8"]
[White "Ishak, Rashid"]
[Black "Kiesel, Lucas"]
[Result "1-0"]
[ECO "C55"]
[WhiteElo "2141"]
[BlackElo "1966"]
[Annotator "NA"]
[PlyCount "79"]
[EventDate "2019.08.03"]
[EventType "swiss"]
[EventCountry "GER"]
[SourceTitle "playchess.com"]
[Source "ChessBase"]
[SourceQuality "1"]
[TimeControl "40/5400+30:1800+30"]

1. e4 e5 2. Nf3 Nf6 3. Nc3 Nc6 4. Bc4 Nxe4 5. Nxe4 d5 6. Bd3 dxe4 7. Bxe4 Bd6 8. O-O Be6 9. c3 O-O 10. d4 exd4 11. Ng5 g6 12. Nxe6 fxe6 13. Qg4 Qf6 14. Bxc6 bxc6 15. cxd4 Rab8 16. b3 c5 17. Bb2 c4 18. Qe2 cxb3 19. d5 e5 20. axb3 Rxb3 21. Rxa7 Rfb8 22. Bc1 Qf5 23. Ra4 Rb1 24. g3 R1b4 25. Rxb4 Rxb4 26. Bh6 Rb1 27. Rxb1 Qxb1+ 28. Kg2 Qb3 29. Qe4 Qb5 30. g4 Qd7 31. h3 Qf7 32. Qf3 Qxf3+ 33. Kxf3 Be7 34. Ke4 Bf6 35. Bd2 Kf7 36. Ba5 Bd8 37. d6 cxd6 38. Bxd8 Ke6 39. f4 d5+ 40. Ke3 1-0

[Event "Lueneburg Open-A 2019"]
[Site "Lueneburg"]
[Date "2019.08.11"]
[Round "9.9"]
[White "Koellner, Aaron Noah"]
[Black "Wronn, Bernd"]
[Result "0-1"]
[ECO "D36"]
[WhiteElo "2044"]
[BlackElo "2128"]
[Annotator "NA"]
[PlyCount "63"]
[EventDate "2019.08.03"]
[EventType "swiss"]
[EventCountry "GER"]
[SourceTitle "playchess.com"]
[Source "ChessBase"]
[SourceQuality "1"]
[TimeControl "40/5400+30:1800+30"]

1. d4 d5 2. c4 e6 3. Nc3 Nf6 4. cxd5 exd5 5. Qc2 c6 6. Bg5 Be7 7. e3 h6 8. Bh4 O-O 9. Bd3 Re8 10. Nf3 Nbd7 11. Bg3 Nf8 12. O-O Bd6 13. Rab1 a5 14. a3 Ne6 15. b4 Ng5 16. Ne5 Qe7 17. Qb3 axb4 18. axb4 Nh5 19. Nf3 Nxf3+ 20. gxf3 Nxg3 21. hxg3 Bxg3 22. fxg3 Qxe3+ 23. Kg2 Qxd3 24. Rbd1 Re2+ 25. Rf2 Rxf2+ 26. Kxf2 Qf5 27. b5 Qh3 28. bxc6 Qh2+ 29. Ke3 bxc6 30. Qb6 Bd7 31. Qc7 Re8+ 32. Kf4 0-1

[Event "Lueneburg Open-A 2019"]
[Site "Lueneburg"]
[Date "2019.08.11"]
[Round "9.10"]
[White "Stork, Oliver"]
[Black "Kosanke, Stefan"]
[Result "1-0"]
[ECO "A28"]
[WhiteElo "2322"]
[BlackElo "2029"]
[Annotator "ChessBase"]
[PlyCount "127"]
[EventDate "2019.08.03"]
[EventType "swiss"]
[EventCountry "GER"]
[SourceTitle "playchess.com"]
[Source "ChessBase"]
[SourceQuality "1"]
[TimeControl "40/5400+30:1800+30"]

1. c4 e5 2. Nc3 Nf6 3. Nf3 Nc6 4. e4 Bb4 5. d3 O-O 6. a3 Bc5 7. b4 Bd4 8. Nxd4 Nxd4 9. Be2 d6 10. O-O a5 11. b5 c6 12. bxc6 bxc6 13. Be3 Rb8 14. f4 Nxe2+ 15. Qxe2 Ng4 16. f5 Nxe3 17. Qxe3 Rb3 18. Na4 Ba6 19. f6 gxf6 20. Rf3 Kh8 21. Qh6 Rg8 22. Rxf6 Rg6 23. Rxg6 fxg6 24. Rf1 Kg8 25. h4 Rxd3 26. h5 Rg3 27. Nb6 Rg4 28. hxg6 Rxg6 29. Qe3 Kg7 30. Rd1 Qh4 31. c5 Rh6 32. Rxd6 Qh1+ 33. Kf2 Qf1+ 34. Kg3 Rg6+ 35. Rxg6+ hxg6 36. Nd7 Qd3 37. Qxd3 Bxd3 38. Kf3 Bb5 39. Nxe5 Kf6 40. Ng4+ Kg5 41. g3 Ba4 42. Ne3 Bb3 43. e5 Kh6 44. Kg4 Kh7 45. Kg5 Kg7 46. Ng2 Kf7 47. Nf4 Bc2 48. g4 Ke7 49. Kh6 Kf7 50. g5 Bb1 51. Nxg6 Ke6 52. Nf8+ Kxe5 53. g6 Ba2 54. g7 Kd4 55. Nd7 Bg8 56. Kg6 a4 57. Kf6 Kc4 58. Ke7 Kb3 59. Kd6 Kxa3 60. Nb6 Kb4 61. Nxa4 Kxa4 62. Kxc6 Ka5 63. Kd7 Bd5 64. c6 1-0

[Event "Lueneburg Open-A 2019"]
[Site "Lueneburg"]
[Date "2019.08.11"]
[Round "9.11"]
[White "Buchenau, Frank"]
[Black "Kiesel, Harald"]
[Result "1-0"]
[ECO "C24"]
[WhiteElo "2294"]
[BlackElo "2023"]
[Annotator "NA"]
[PlyCount "77"]
[EventDate "2019.08.03"]
[EventType "swiss"]
[EventCountry "GER"]
[SourceTitle "playchess.com"]
[Source "ChessBase"]
[SourceQuality "1"]
[TimeControl "40/5400+30:1800+30"]

1. e4 e5 2. Bc4 Nf6 3. d3 c6 4. Nf3 d5 5. Bb3 a5 6. a4 Bb4+ 7. c3 Bd6 8. O-O O-O 9. Re1 dxe4 10. dxe4 Na6 11. Na3 Nc5 12. Bc2 Bg4 13. Nc4 Bc7 14. Qxd8 Raxd8 15. Nfxe5 Rfe8 16. Nxg4 Nxg4 17. h3 Nf6 18. Bg5 Rd7 19. e5 Nd5 20. Rad1 h6 21. Bc1 Rde7 22. f4 h5 23. Kf1 g5 24. fxg5 Bxe5 25. Nxe5 Rxe5 26. Rxe5 Rxe5 27. Re1 Rxe1+ 28. Kxe1 b5 29. axb5 cxb5 30. Ke2 a4 31. Be3 Ne6 32. Be4 Nec7 33. Bxd5 Nxd5 34. Kd3 b4 35. cxb4 Nxb4+ 36. Kc4 Nc2 37. Bf2 Kg7 38. Kc3 a3 39. Kxc2 1-0

[Event "Lueneburg Open-A 2019"]
[Site "Lueneburg"]
[Date "2019.08.11"]
[Round "9.12"]
[White "Schulz, Daniel"]
[Black "Weishaeutel, Moritz"]
[Result "0-1"]
[ECO "A58"]
[WhiteElo "2071"]
[BlackElo "2276"]
[Annotator "ChessBase"]
[PlyCount "146"]
[EventDate "2019.08.03"]
[EventType "swiss"]
[EventCountry "GER"]
[SourceTitle "playchess.com"]
[Source "ChessBase"]
[SourceQuality "1"]
[TimeControl "40/5400+30:1800+30"]

1. d4 Nf6 2. c4 c5 3. d5 b5 4. cxb5 a6 5. bxa6 g6 6. Nc3 Bg7 7. e4 O-O 8. a7 Rxa7 9. Nf3 e6 10. Be2 exd5 11. exd5 d6 12. O-O Na6 13. Nd2 Re8 14. Bb5 Bd7 15. Nc4 Bxb5 16. Nxb5 Rd7 17. Bg5 Re4 18. Qc2 Rg4 19. Bxf6 Qxf6 20. a3 Qf4 21. Ne3 Rg5 22. Rae1 Rb7 23. Nc3 Nc7 24. g3 f5 25. Ng2 Qc4 26. Ne3 Qb3 27. Qd3 f4 28. Nc4 Rxd5 29. Re8+ Nxe8 30. Qxd5+ Rf7 31. Re1 Nc7 32. Qd3 fxg3 33. hxg3 Bd4 34. Re2 d5 35. Nd6 Rf6 36. Nc8 Qb7 37. Ne7+ Kf7 38. Qc2 Bxc3 39. Qxc3 Re6 40. Rxe6 Nxe6 41. Nc8 Qxc8 42. Qf3+ Ke7 43. Qxd5 Qd7 44. Qe4 Qd1+ 45. Kg2 Kd6 46. Qh4 Qd5+ 47. Kg1 Ng5 48. Qf4+ Kc6 49. Qa4+ Kb6 50. Qe8 Nf3+ 51. Kf1 Nd2+ 52. Kg1 Nf3+ 53. Kf1 Nd4 54. Kg1 Qc6 55. Qb8+ Qb7 56. Qd6+ Kb5 57. Qf8 Kc4 58. b4 cxb4 59. axb4 Kd3 60. Qc5 Qb5 61. Qe7 Qh5 62. Qe3+ Kc4 63. Qf4 g5 64. Qe4 Qf3 65. Qxf3 Nxf3+ 66. Kf1 Kxb4 67. Ke2 g4 68. Ke3 Kc3 69. Kf4 h5 70. Ke3 Ng5 71. Kf4 Nh3+ 72. Ke3 Nxf2 73. Kxf2 Kd2 0-1

[Event "Lueneburg Open-A 2019"]
[Site "Lueneburg"]
[Date "2019.08.11"]
[Round "9.13"]
[White "Jurkic, Bosiljko"]
[Black "Lubbe, Melanie"]
[Result "0-1"]
[ECO "A01"]
[WhiteElo "2046"]
[BlackElo "2258"]
[Annotator "NA"]
[PlyCount "80"]
[EventDate "2019.08.03"]
[EventType "swiss"]
[EventCountry "GER"]
[SourceTitle "playchess.com"]
[Source "ChessBase"]
[SourceQuality "1"]
[TimeControl "40/5400+30:1800+30"]

1. b3 e5 2. Bb2 d6 3. e3 g6 4. d4 Bg7 5. dxe5 Nd7 6. Nf3 dxe5 7. Bc4 Nh6 8. e4 O-O 9. Nbd2 c6 10. a4 b6 11. O-O Qc7 12. Qe2 Re8 13. Rfd1 Nc5 14. Ng5 Qe7 15. Ndf3 Kh8 16. b4 Nb7 17. b5 f6 18. bxc6 Nc5 19. Nh3 g5 20. Bxe5 fxe5 21. Nhxg5 Rf8 22. a5 Rb8 23. axb6 Rxb6 24. Bd5 Bf6 25. Qe3 Ng4 26. Qd2 Nxf2 27. Rf1 Ng4 28. h3 Nh6 29. Ra5 Na6 30. Ne6 Bxe6 31. Bxe6 Qxe6 32. Qxh6 Qe7 33. Rfa1 Bg7 34. Qe3 Nc7 35. Qc5 Qxc5+ 36. Rxc5 Ne6 37. Rca5 Rxc6 38. Nxe5 Rxc2 39. Nf3 Bxa1 40. Rxa1 Nf4 0-1